AoeStats
← IceFish

Nomad

510119813Analyzed
4v4 RM · 1d ago on Sep 29, 2026· 58m 13s· 8 players
Game mode
Random Map
Map size
231×231
Population
200
Speed
Normal
Resources
Standard
Victory
Conquest
Starting age
Dark Age
Ending age
Imperial Age
RankedLock teamsTeams togetherTeam positionsShared explorationLock speedFull tech treeHidden civsTurbo modeCheats
Victory
Defeat
🇨🇱 Aztecs · Chile
1188
+9
🇨🇳 Georgians · China
1110
+11
🇵🇪 Tatars · Peru
1078
+13
🇺🇸 Malay · United States
1009
+15
🇨🇳 Teutons · China
1055
-14
🇫🇷 Franks · France
1008
-12
🇵🇹 Byzantines · Portugal
991
-11
🇬🇧 Saxons · United Kingdom
969
-11
...
3:55 Loom
16:27 Feudal Age
19:29 Double-Bit Axe
22:08 Fishing Lines
23:32 Stone Mining
23:34 Gold Mining
26:31 Castle Age
25:07 Arson
24:44 Man-at-Arms
28:20 Gillnets
28:43 Horse Collar
33:36 Bow Saw
34:25 Gold Shaft Mining
34:14 Forging
34:29 Thalassocracy
34:58 Heavy Plow
35:49 Wheelbarrow
36:26 Stone Shaft Mining
36:11 Pikeman
37:19 Hand Cart
38:32 Iron Casting
40:48 Scale Barding Armor
44:14 Imperial Age
42:25 Squires
43:14 Halberdier
45:14 Conscription
47:51 Long Swordsman
49:34 Two-Handed Swordsman
PERSEUS
7:42 Loom
14:05 Feudal Age
24:21 Castle Age
22:30 Double-Bit Axe
22:51 Horse Collar
23:55 Bloodlines
24:23 Forging
25:10 Husbandry
28:24 Scale Barding Armor
29:33 Bow Saw
32:44 Heavy Plow
33:53 Iron Casting
33:20 Gold Mining
34:48 Chain Barding Armor
36:07 Wheelbarrow
35:38 Town Watch
37:49 Gold Shaft Mining
38:54 Hand Cart
44:26 Imperial Age
43:09 Stone Mining
44:30 Heavy Camel Rider
47:09 Blast Furnace
48:45 Squires
48:06 Man-at-Arms
48:48 Scale Mail Armor
49:42 Long Swordsman
50:43 Two-Handed Swordsman
52:19 Conscription
53:01 Arson
53:03 Pikeman
54:55 Timurid Siegecraft
54:16 Halberdier
TheRemover
3:56 Loom
16:54 Feudal Age
18:10 Double-Bit Axe
20:05 Wheelbarrow
23:30 Castle Age
22:00 Fishing Lines
24:23 Medium Warships
24:31 Gillnets
24:56 Padded Archer Armor
25:03 Stone Mining
25:25 Bow Saw
24:59 Horse Collar
27:14 Stone Shaft Mining
26:31 Gold Mining
28:25 Leather Archer Armor
28:41 Hand Cart
32:45 Imperial Age
31:35 Forging
32:19 Clinker Construction
32:19 Scale Mail Armor
36:03 Gambesons
36:05 Arson
37:09 Chain Mail Armor
40:26 Iron Casting
40:25 Conscription
42:40 Blast Furnace
42:05 Garland Wars
45:54 Elite Jaguar Warrior
47:40 Hand Cart
47:10 Town Watch
48:30 Town Patrol
49:39 Heavy Warships
49:33 Careening
53:49 Treadmill Crane
55:49 Plate Mail Armor
55:54 Squires
xiweb
5:01 Loom
14:37 Feudal Age
16:29 Double-Bit Axe
20:07 Castle Age
18:05 Town Watch
18:22 Horse Collar
19:09 Forging
21:30 Medium Warships
23:16 Scale Barding Armor
24:27 Wheelbarrow
24:03 Bow Saw
23:44 Gold Mining
23:45 Stone Mining
25:39 Wheelbarrow
25:54 Iron Casting
27:31 Fishing Lines
30:47 Hand Cart
32:19 Gold Mining
32:19 Stone Mining
34:13 Svan Towers
38:41 Imperial Age
36:55 Fletching
38:28 Chain Barding Armor
38:17 Bodkin Arrow
38:08 Treadmill Crane
38:49 Ballistics
39:12 Murder Holes
39:28 Masonry
39:11 Guard Tower
39:48 Conscription
41:05 Chemistry
41:42 Plate Barding Armor
42:08 Blast Furnace
41:21 Bracer
42:03 Hoardings
41:41 Elite Monaspa
43:21 Elite Monaspa
45:04 Aznauri Cavalry
48:29 Keep
47:40 Arrowslits
47:59 Padded Archer Armor
48:00 Scale Mail Armor
52:07 Stone Shaft Mining
52:09 Chain Mail Armor
53:05 Guilds
53:25 Siege Engineers
53:50 Architecture
53:32 Fortified Wall
joia-numerica6
11:58 Loom
14:54 Feudal Age
21:19 Double-Bit Axe
28:38 Castle Age
28:25 Fletching
39:29 Bow Saw
45:58 Forging
46:44 Scale Barding Armor
50:39 Gold Mining
58:09 Imperial Age
57:15 Chain Barding Armor
Dayman
5:55 Loom
15:23 Feudal Age
16:22 Double-Bit Axe
17:34 Fishing Lines
23:30 Castle Age
25:10 Gillnets
25:49 Bow Saw
32:33 Stone Mining
34:51 Forging
34:42 Scale Mail Armor
34:32 Gambesons
39:24 Imperial Age
40:12 Gold Mining
PoacherCrooks
5:26 Loom
16:23 Feudal Age
21:30 Castle Age
20:05 Double-Bit Axe
20:59 Stone Mining
21:03 Gold Mining
22:33 Bow Saw
23:04 Gold Shaft Mining
31:47 Wheelbarrow
35:47 Imperial Age
35:36 Hand Cart
36:18 Husbandry
35:39 Light Cavalry
36:28 Scale Barding Armor
36:33 Forging
36:25 Scale Mail Armor
36:08 Treadmill Crane
36:39 Fortified Wall
36:25 Murder Holes
36:41 Masonry
36:52 Ballistics
37:29 Cavalier
38:37 Conscription
38:45 Chain Barding Armor
39:02 Iron Casting
39:08 Town Watch
39:30 Chivalry
41:11 Plate Barding Armor
42:33 Blast Furnace
44:21 Hoardings
43:08 Ordonnance Companies
44:07 Chain Mail Armor
44:05 Arson
44:20 Squires
43:41 Pikeman
43:43 Man-at-Arms
44:08 Gambesons
45:08 Halberdier
46:21 Plate Mail Armor
45:57 Town Patrol
47:48 Chemistry
46:55 Siege Engineers
49:22 Paladin
53:19 Architecture
52:35 Arrowslits
IceFish
3:45 Loom
15:07 Feudal Age
16:02 Horse Collar
16:10 Double-Bit Axe
16:26 Fishing Lines
20:38 Castle Age
19:27 Town Watch
20:21 Fletching
21:06 Bloodlines
21:08 Forging
20:53 Demolition Ship
23:27 Medium Warships
24:56 Bow Saw
24:50 Heavy Plow
25:52 Wheelbarrow
25:57 Gillnets
26:12 Gold Mining
27:38 Stone Mining
28:22 Hand Cart
29:37 Scale Barding Armor
30:41 Iron Casting
31:08 Chain Barding Armor
35:06 Scale Mail Armor
37:38 Imperial Age
35:11 Squires
34:34 Pikeman
36:32 Bodkin Arrow
37:29 Chain Mail Armor
38:11 Cavalier
39:58 Blast Furnace
39:36 Plate Barding Armor
39:05 Halberdier
41:38 Paladin
43:23 Crenellations
45:24 Plate Mail Armor
44:52 Gambesons
44:53 Arson
45:51 Conscription
46:57 Ballistics
46:44 Siege Engineers
48:33 Ironclad
50:04 Chemistry
52:27 Elite Teutonic Knight
Connection lost

Rejoining the realm…

Still unreachable

The connection could not be restored.

Session expired

The server has moved on; the page needs a fresh start.